 Dungeon Crawl Stone Soup version 0.27.0-1-g7a089689b8 (webtiles) character file.

Game seed: 4195568992238000655

42 Malachi the Chiller (level 3, -2/24 HPs)
             Began as a Demonspawn Ice Elementalist on Aug 15, 2021.
             Was a Believer of Jiyva.
             Slain by an adder (3 damage)
             ... on level 3 of the Dungeon.
             The game lasted 00:03:08 (2588 turns).

Malachi the Chiller (Demonspawn Ice Elementalist)   Turns: 2588, Time: 00:03:08

Health: -2/24      AC:  2    Str:  9    XL:     3   Next: 35%
Magic:  5/6        EV: 12    Int: 16    God:    Jiyva [**....]
Gold:   28         SH:  0    Dex: 13    Spells: 2/6 levels left

rFire    . . .     SeeInvis .   b - +2 dagger (freeze)
rCold    . . .     Faith    .   (no shield)
rNeg     . . .     Spirit   .   a - +0 robe
rPois    .         Reflect  .   (no helmet)
rElec    .         Harm     .   (no cloak)
rCorr    .         Rampage  .   (no gloves)
Will     .....                  (no boots)
Stlth    ++........             (no amulet)
HPRegen  0.08/turn              (no ring)
MPRegen  0.10/turn              (no ring)

@: lethally poisoned (-2 -> -4)
A: hooves 1, foul stench 1
a: Renounce Religion, Request Jelly


You were on level 3 of the Dungeon.
You worshipped Jiyva.
Jiyva was pleased with you.
You visited 1 branch of the dungeon, and saw 3 of its levels.

You collected 28 gold pieces.

Inventory:

Hand Weapons
 b - a +2 dagger of freezing (weapon)
 d - a +1 vorpal halberd
Armour
 a - a +0 robe (worn)
Wands
 c - a wand of paralysis (7)
Scrolls
 e - 3 scrolls of magic mapping {unknown}


   Skills:
 - Level 1.9 Dodging
 - Level 1.7 Stealth
 + Level 2.3 Spellcasting
 * Level 4.5 Ice Magic


You had 2 spell levels left.
You knew the following spells:

 Your Spells              Type           Power      Damage    Failure   Level
a - Freeze                Ice            64%        1d8       3%          1
b - Frozen Ramparts       Ice            32%        1d5       10%         3

Your spell library contained the following spells:

 Spells                   Type           Power      Damage    Failure   Level
 Ozocubu's Armour         Ice            16%        N/A       10%         3
 Hailstorm                Conj/Ice       9%         3d4       63%         4


Dungeon Overview and Level Annotations

Branches:
Dungeon (3/15)

Altars:
Gozag
Jiyva

Shops:
D:1 :

Annotations:
D:2 Sigmund


Innate Abilities, Weirdness & Mutations

You have large cloven feet.
You may rarely emit foul miasma when damaged in melee.


Message History

Casting: Freeze (safe; 3% risk of failure)
Confirm with . or Enter, or press ? or * to list all spells.
The spell is quite dangerous to cast (10% risk of failure)!
Continue anyway?
Casting: Frozen Ramparts (quite dangerous; 10% risk of failure)
Press: ? - help, Dir - look around, f - activate The walls around you are covered in ice.
You feel sick.
The wall freezes the adder.
The adder seems to slow down.
The adder bites you.
The wall freezes the adder.
The adder closely misses you.
You feel sick.
The wall freezes the adder.
The adder closely misses you.
You feel sick.
Unknown command.
You feel sick.
The wall freezes the adder.
You kill the adder!
The necrophage resists.
The wall freezes the necrophage.
Unknown command.
You aren't carrying any potions.
Your frozen ramparts will break if you move.
Continue?
The frozen ramparts melt away as you move.
You feel sick.
You are no longer poisoned.
An adder comes into view.
The adder hisses angrily.
The adder bites you.
* * * LOW HITPOINT WARNING * * *
The adder closely misses you. The adder bites you.
* * * LOW HITPOINT WARNING * * *
You are lethally poisoned!
The adder poisons you!
* * * LOW HITPOINT WARNING * * *
You feel sick.
* * * LOW HITPOINT WARNING * * *
You feel sick.
* * * LOW HITPOINT WARNING * * *
You feel sick.
You aren't carrying any potions.
Unknown command.
* * * LOW HITPOINT WARNING * * *
You feel sick. The adder bites you.
You die...

....... ... ........ .......
#.# # #....... ....... #.#
#.#..#...# # .......##.#
...#.#.#.# .b........#
#.#.#.#.#
..........#######.......#
...................n..#
###.......###########.#^####
(.............@S.n...........
#.#.......#########.#.#.#####
# #.##.#..#########.###.#
#...............#.# #
#.####...########.. # #...#
#.. #...########..#
#.............. #...########


You could see a necrophage and an adder.

Vanquished Creatures
  An adder (D:3)
  2 worms (D:2)
  2 dart slugs
  3 hobgoblins (D:1)
  A kobold (D:2)
  A ball python (D:3)
  4 bats
  3 frilled lizards
  7 goblins
  A rat (D:3)
25 creatures vanquished.

Vanquished Creatures (others)
  An adder (D:3)
  A worm (D:2)
  A dart slug (D:1)
  2 orcs (D:3)
  2 bats
  An endoplasm (D:3)
  3 goblins
  3 hobgoblins
  2 ball pythons
  A frilled lizard (D:1)
  A kobold (D:2)
18 creatures vanquished.

Grand Total: 43 creatures vanquished

Notes
Turn   | Place    | Note
-------+----------+-------------------------------------------
     0 | D:1      | Malachi the Demonspawn Ice Elementalist began the quest for
                  | the Orb.
     0 | D:1      | Reached XP level 1. HP: 13/13 MP: 3/3
    52 | D:1      | Found a faded altar of an unknown god.
    54 | D:1      | Noticed an eye of devastation
    59 | D:1      | Noticed an eye of devastation
    62 | D:1      | Noticed a shining eye
    62 | D:1      | Noticed a golden eye
    69 | D:1      | Became a worshipper of Jiyva Jetara the Shapeless
    69 | D:1      | Reached * piety under Jiyva
   520 | D:1      | Reached skill level 4 in Ice Magic
   520 | D:1      | Gained mutation: You may rarely emit foul miasma when
                  | damaged in melee. [demonic ancestry]
   520 | D:1      | Reached XP level 2. HP: 19/19 MP: 3/5
   703 | D:1      | Found Osehyps's Book Emporium.
  1176 | D:2      | Reached ** piety under Jiyva
  2075 | D:2      | Noticed Sigmund
  2204 | D:3      | Found an opulent altar of Gozag.
  2326 | D:3      | Gained mutation: You have large cloven feet. [demonic
                  | ancestry]
  2326 | D:3      | Reached XP level 3. HP: 22/24 MP: 2/6
  2330 | D:3      | Learned a level 3 spell: Frozen Ramparts
  2562 | D:3      | Noticed a necrophage
  2588 | D:3      | HP: 1/24 [poisoned by an adder]
  2588 | D:3      | Slain by an adder

Illustrated notes

Levels and vault maps discovered:
D:1:      dpeg_arrival_shrine, layout_basic, serial_shops, shop,
          hellmonk_ecumenical_altar_watching_god
D:2:      layout_basic, hangedman_abyss_or_decor_lesser_grid, uniq_sigmund
D:3:      layout_basic, mainiacjoe_overflow_24_doors,
          mainiacjoe_overflow_concentric_impassable, minmay_checkerbox

Skill      XL: |  1 |
---------------+----+-----
Ice Magic      | 4 |  4.5
Dodging        | |  1.9
Stealth        | |  1.7
Spellcasting   | |  2.3

Action                   || total
-------------------------++-------
Melee: Unarmed           ||     2
       Dagger            ||     6
 Cast: Freeze            ||    40
       Frozen Ramparts   ||     1
Armor: Robe              ||     7
Dodge: Dodged            ||    24
